Map: Moondance

Players

Harstem

  • Race: Protoss Protoss
  • League: Master
  • Spawn Location: 12:00

PappiJoe - Winner!

  • Race: Protoss Protoss
  • Spawn Location: 6:00

Event: HomeStory Cup XXII

VOD

Have the link to the VOD?

Description

Time

  • Played on: Dec. 15, 2022, 10:05 a.m.
  • Length: 2:36

All games in this series

Show
View Real Time Build Order
Export as new Build Order

Harstem Protoss 

Build Orders:  

Get SALT Encoding   

  12  0:00  Probe  
  13  0:12  Probe  
  14  0:17  Pylon  
  14  0:24  Probe (Chrono Boost)  
  15  0:36  Gateway  
  15  0:37  Probe (Chrono Boost)  
  16  0:45  Probe (Chrono Boost)  
  16  0:46  Assimilator  
  17  0:51  Probe  
  17  0:55  Assimilator  
  18  1:03  Probe (Chrono Boost)  
  19  1:07  Gateway  
  19  1:12  Probe (Chrono Boost)  
  20  1:19  Forge  
  20  1:23  Cybernetics Core  
  20  1:34  Zealot  
  21  2:00  Photon Cannon  
  21  2:07  Zealot (Chrono Boost)  
  18  2:15  Probe  
Show
View Real Time Build Order
Export as new Build Order

PappiJoe Protoss - Winner!

Build Orders: Cannon Rush 

Get SALT Encoding   

  12  0:09  Pylon  
  12  0:12  Pylon  
  12  0:20  Probe  
  13  0:30  Forge  
  13  0:42  Pylon  
  13  1:03  Photon Cannon  
  13  1:11  Pylon  
  13  1:14  Pylon  
  13  1:47  Photon Cannon  
  13  1:48  Photon Cannon  
  13  1:56  Pylon  
  13  2:12  Photon Cannon  
  13  2:26  Photon Cannon  
  13  2:30  Photon Cannon  
Tags
 
League
Master
Matchup
PvP
Replay Pack
hsc22
Spawn Locations
Cross Positions
Add a new tag
Caveats
  • Supply blocks, unpowered buildings, or Contaminate may cause inaccurate times.
  • Supply counts are checked every 10 seconds.